 Dungeon Crawl Stone Soup version 0.30-a0-1085-g990a428a5c (webtiles) character file.

Game seed: 1897608233307345342

254 pokeman the Magician (level 5, -5/29 HPs)
             Began as a Deep Elf Hedge Wizard on Apr 16, 2023.
             Killed from afar by a white imp (9 damage)
             ... with a puff of frost
             ... on level 6 of the Dungeon.
             The game lasted 00:06:15 (3006 turns).

pokeman the Magician (Deep Elf Hedge Wizard)        Turns: 3006, Time: 00:06:16

Health: -5/29      AC:  3    Str:  7    XL:     5   Next: 90%
Magic:  0/16       EV: 13    Int: 21    God:
Gold:   79         SH:  0    Dex: 14    Spells: 9/17 levels left

rFire   . . .      SeeInvis .    r - +1 dagger (venom)
rCold   . . .      Faith    .    (no shield)
rNeg    . . .      Spirit   .    b - +0 robe
rPois   .          Reflect  .    c - +0 hat
rElec   .          Rampage  .    (no cloak)
rCorr   .                        e - +0 pair of gloves
Will    ++...                    (no boots)
Stlth   ++                       (no amulet)
HPRegen 1.04/turn                l - ring of willpower
MPRegen 0.15/turn                (no ring)

@: very slightly contaminated
A: strong-willed 1, regeneration 1, MP-powered wands
a: no special abilities


You were on level 6 of the Dungeon.
You visited 1 branch of the dungeon, and saw 4 of its levels.

You collected 149 gold pieces.
You spent 70 gold pieces at shops.

Inventory:

Hand Weapons
 r - a +1 dagger of venom (weapon)
Missiles
 m - 2 throwing nets
Armour
 b - a +0 robe (worn)
 c - a +0 hat (worn)
 e - a +0 pair of gloves (worn)
Jewellery
 l - a ring of willpower (left hand)
Scrolls
 f - 2 scrolls of fog {unknown}
 g - 5 scrolls of identify
 i - 3 scrolls of teleportation
 n - a scroll of enchant armour {unknown}
 p - a scroll of immolation {unknown}
Potions
 d - 2 potions of magic
 h - a potion of mutation
 j - 2 potions of berserk rage {unknown}
 k - a potion of haste {unknown}
 o - 2 potions of degeneration {unknown}
 q - a potion of brilliance {unknown}


   Skills:
 + Level 1.1 Fighting
 - Level 1.0 Armour
 - Level 3.0 Dodging
 - Level 3.0 Stealth
 * Level 6.6 Spellcasting
 + Level 3.0 Conjurations
 + Level 1.2 Summonings
 - Level 1.1 Translocations
 - Level 1.0 Air Magic
 - Level 1.0 Poison Magic


You had 9 spell levels left.
You knew the following spells:

 Your Spells              Type           Power      Damage    Failure   Level
a - Magic Dart            Conj           76%        1d6       2%          1
b - Mephitic Cloud        Conj/Pois/Air  14%        N/A       14%         3
c - Call Imp              Summ           24%        N/A       9%          2
d - Blink                 Tloc           22%        N/A       9%          2

Your spell library contained the following spells:

 Spells                   Type           Power      Damage    Failure   Level
 Slow                     Hex            24%        N/A       10%         1
 Cigotuvi's Dreadful Rot  Necr/Pois/Air  18%        N/A       11%         2
 Vhi's Electric Charge    Tloc/Air       22%        N/A       19%         3
 Arcjolt                  Conj/Air       7%         1d17      73%         5
 Maxwell's Capacitive Co  Air            5%         ∞         100%        8


Dungeon Overview and Level Annotations

Branches:
Dungeon (3/15)

Altars:
Fedhas
Sif Muna

Shops:
D:3 ?


Innate Abilities, Weirdness & Mutations

You are strong-willed. (Will+)
Your natural rate of healing is unusually fast.
You expend magic power (3 MP) to strengthen your wands.


Message History

The stinking cloud engulfs the orc but does no damage. x2
The stinking cloud engulfs you but does no damage.
You are engulfed in noxious fumes.
You choke on the stench!
You are confused.
The orc hits you with a +0 hand axe.
The orc is engulfed in noxious fumes.
The orc appears confused.
Unknown command.
Unknown command.
You feel less confused.
You kill the orc priest!
The orc is engulfed in noxious fumes.
The orc appears confused.
The orc hits the orc with a +0 antimagic whip.
Your Conjurations skill increases to level 3!
You barely miss the orc.
The orc is moderately wounded.
The orc closely misses you.
The orc is engulfed in noxious fumes.
The orc appears confused.
The orc hits the orc with a +0 antimagic whip.
You barely miss the white imp. The orc hits you but does no damage.
The white imp gestures at you. The puff of frost hits you!
* * * LOW HITPOINT WARNING * * *
The orc is engulfed in noxious fumes.
The orc appears confused.
The orc hits the orc with a +0 antimagic whip.
The orc is killed!
The orc hits itself with a +0 antimagic whip.
You hit the white imp but do no damage. The white imp barely misses you.
Unknown command.
You closely miss the white imp. The white imp closely misses you.
Unknown command.
Casting: Mephitic Cloud (quite dangerous; 14% risk of failure)
Confirm with . or Enter, or press ? or * to list all spells.
You miscast Call Imp.
Nothing appears to happen.
The white imp hits you.
* * * LOW HITPOINT WARNING * * *
The white imp freezes you.
* * * LOW HITPOINT WARNING * * *
Unknown command.
The white imp gestures at you. The puff of frost hits you!
You die...

. ## .. #..##. ... .....
.. #... #.###### ###.##
###....).####....#
#.....))..@.#....#######
#.......5o..............
...................#####
.......................#
.....#################....
..... ## .... ...<


You could see a white imp and an orc (confused).

Vanquished Creatures
  A jelly (D:6)
  3 orc priests
  An iguana (D:6)
  3 adders
  A shadow imp (D:6)
  2 worms
  6 orcs
  2 ball pythons
  3 bats
  11 endoplasms
  2 giant cockroaches (D:2)
  5 goblins
  5 hobgoblins
  3 jackals (D:2)
  3 quokkas
  6 frilled lizards
  4 kobolds
  6 rats
67 creatures vanquished.

Notes
Turn   | Place    | Note
-------+----------+-------------------------------------------
     0 | D:1      | pokeman the Deep Elf Hedge Wizard began the quest for the
                  | Orb.
     0 | D:1      | Reached XP level 1. HP: 10/10 MP: 7/7
   323 | D:1      | Reached XP level 2. HP: 16/16 MP: 6/9
   977 | D:1      | Reached skill level 5 in Spellcasting
  1154 | D:2      | Reached XP level 3. HP: 20/20 MP: 8/11
  1159 | D:2      | Learned a level 3 spell: Mephitic Cloud
  1162 | D:2      | Learned a level 2 spell: Call Imp
  1165 | D:2      | Learned a level 2 spell: Blink
  1284 | D:2      | Found a shimmering blue altar of Sif Muna.
  1330 | D:2      | Gained mutation: You are strong-willed. (Will+) [potion of
                  | mutation]
  1330 | D:2      | Gained mutation: You expend magic power (3 MP) to
                  | strengthen your wands. [potion of mutation]
  1330 | D:2      | Gained mutation: Your natural rate of healing is unusually
                  | fast. [potion of mutation]
  1653 | D:2      | Reached skill level 1 in Armour
  1715 | D:2      | Reached skill level 1 in Fighting
  1964 | D:3      | Reached XP level 4. HP: 25/25 MP: 6/13
  2128 | D:3      | Reached skill level 6 in Spellcasting
  2128 | D:3      | Reached XP level 5. HP: 29/29 MP: 6/15
  2331 | D:3      | Found The Oracle's Delphic Readings.
  2335 | D:3      | Bought a scroll of teleportation for 42 gold pieces
  2335 | D:3      | Bought a scroll of identify for 28 gold pieces
  2505 | D:3      | Found a blossoming altar of Fedhas.
  2851 | D:3      | You fall into a shaft and drop 3 floors!
  2885 | D:6      | Reached skill level 1 in Poison Magic
  2987 | D:6      | Reached skill level 1 in Air Magic
  3006 | D:6      | Killed from afar by a white imp

Illustrated notes

Levels and vault maps discovered:
D:1:      minmay_arrival_four_circles, layout_loops_ring
D:2:      layout_rooms, basic_altar, supply_closet_lemuel
D:3:      layout_basic, fedhas_altar_3, nicolae_nh_oracle_at_delphi
D:6:      layout_rooms

Skill      XL: |  1  2  3  4  5 |
---------------+----------------+-----
Spellcasting   | 5 6 |  6.6
Conjurations   | 2 3 |  3.0
Armour         | 1 |  1.0
Fighting       | 1 |  1.1
Dodging        | 3 |  3.0
Stealth        | 3 |  3.0
Poison Magic   | 1 |  1.0
Air Magic      | 1 |  1.0
Summonings     | |  1.2
Translocations | |  1.1

Action                     |  1- 3 |  4- 6 || total
---------------------------+-------+-------++-------
  Melee: Rapier            |     1 |       ||     1
         Dagger            |     2 |    31 ||    33
   Cast: Magic Dart        |   105 |    59 ||   164
         Mephitic Cloud    |       |     6 ||     6
    Use: Potion            |     1 |       ||     1
   Stab: Confused          |       |     2 ||     2
 Armour: Robe              |     3 |     5 ||     8
  Dodge: Dodged            |    14 |    10 ||    24

Table legend: (Time is in decaauts)
 A = Elapsed time spent in this place.
 B = Non-inter-level travel time spent in this place.
 C = Inter-level travel time spent in this place.
 D = Time resting spent in this place.
 E = Time spent auto-exploring this place.
 F = Levels seen in this place.
 G = Mean time per level.
                   A        B        C        D        E       F      G
               +--------+--------+--------+--------+--------+-----+--------+
         Total |   3004 |   2946 |     58 |    221 |   2328 |   4 |  751.0 |
       Dungeon |   3004 |   2946 |     58 |    221 |   2328 |   4 |  751.0 |
               +--------+--------+--------+--------+--------+-----+--------+

Top non-repeatable levels by time:
     D:1: 1027 daAuts
     D:2: 942 daAuts
     D:3: 879 daAuts
     D:6: 154 daAuts
